 Dungeon Crawl Stone Soup version 0.30-a0-1116-gebefce21f7 (webtiles) character file.

Game seed: 2505756396835723817

7967 cheesebisquit the Summoner (level 11, -3/86 HPs)
             Began as a Merfolk Summoner on Apr 21, 2023.
             Was an Initiate of Kikubaaqudgha.
             Killed from afar by a rakshasa (31 damage)
             ... with a lance of force
             ... on level 11 of the Dungeon.
             The game lasted 00:53:00 (9007 turns).

cheesebisquit the Summoner (Merfolk Summoner)       Turns: 9007, Time: 00:53:01

Health: -3/86      AC: 12    Str:  8    XL:     11   Next: 23%
Magic:  15/18      EV: 22    Int: 20    God:    Kikubaaqudgha [......]
Gold:   534        SH:  0    Dex: 14    Spells: 7/20 levels left

rFire   . . .      SeeInvis +    J - +7 halberd of Departure {freeze, rC+ SInv}
rCold   + . .      Faith    .    (shield currently unavailable)
rNeg    . . .      Spirit   .    b - +2 robe {Will+}
rPois   .          Reflect  .    T - +1 helmet
rElec   .          Rampage  .    v - +2 cloak
rCorr   .                        E - +1 pair of gloves
Will    +....                    K - +0 pair of boots
Stlth   ++                       u - amulet of magic regeneration
HPRegen 0.34/turn                t - +5 ring of evasion
MPRegen 0.56/turn                y - ring of wizardry

@: no status effects
A: (nimble swimmer 2), mertail
a: Renounce Religion


You were on level 11 of the Dungeon.
You worshipped Kikubaaqudgha.
Kikubaaqudgha was noncommittal.
You visited 1 branch of the dungeon, and saw 11 of its levels.

You collected 534 gold pieces.

Inventory:

Hand Weapons
 n - a +0 whip of venom
 C - a +1 trident of freezing
 D - a +1 vampiric trident
 J - the +7 halberd of Departure (weapon) {freeze, rC+ SInv}
   (You found it on level 6 of the Dungeon)

   rC:        It protects you from cold.
   SInv:      It lets you see invisible.
 O - a +0 dagger
Missiles
 o - a throwing net
 A - 26 poisoned darts
 N - 5 curare-tipped darts
Armour
 b - a +2 robe of willpower (worn)
 v - a +2 cloak (worn)
 E - a +1 pair of gloves (worn)
 K - a +0 pair of boots (worn)
 R - +0 steam dragon scales
 T - a +1 helmet (worn)
Jewellery
 t - a +5 ring of evasion (left hand)
 u - an amulet of magic regeneration (around neck)
 y - a ring of wizardry (right hand)
 M - a +6 ring of strength
 Q - a +4 ring of slaying
 U - an amulet of the acrobat
Wands
 r - a wand of mindburst (20)
 I - a wand of polymorph (4)
 L - a wand of charming (15)
 P - a wand of iceblast (13)
Scrolls
 a - 2 scrolls of amnesia
 d - a scroll of magic mapping
 f - 5 scrolls of teleportation
 g - a scroll of vulnerability {unknown}
 l - a scroll of blinking
 m - a scroll of butterflies {unknown}
 q - a scroll of fog
 s - a scroll of noise
 w - a scroll of immolation
 x - a scroll of enchant weapon {unknown}
 B - a scroll of silence {unknown}
 F - a scroll of torment {unknown}
 G - a scroll of fear {unknown}
Potions
 c - 3 potions of curing
 e - 2 potions of heal wounds
 h - a potion of ambrosia
 i - 3 potions of berserk rage
 j - 2 potions of flight
 k - a potion of mutation
 p - 3 potions of lignification
 z - 3 potions of brilliance
 H - a potion of degeneration
 S - 2 potions of might


   Skills:
 + Level 8.1 Fighting
 + Level 7.2 Polearms
 + Level 10.1 Dodging
 - Level 2.1 Stealth
 - Level 5.1 Spellcasting
 + Level 11.8 Summonings


You had 7 spell levels left.
You knew the following spells:

 Your Spells              Type           Power      Damage    Failure   Level
a - Summon Small Mammal   Summ           100%       N/A       1%          1
b - Call Imp              Summ           100%       N/A       1%          2
c - Call Canine Familiar  Summ           51%        N/A       1%          3
d - Summon Guardian Gole  Hex/Summ       28%        N/A       1%          3
e - Summon Lightning Spi  Summ/Air       28%        N/A       4%          4

Your spell library contained the following spells:

 Spells                   Type           Power      Damage    Failure   Level
 Magic Dart               Conj           20%        1d4       4%          1
 Static Discharge         Conj/Air       10%        2-3/arc   7%          2
 Inner Flame              Hex/Fire       5%         N/A       14%         3
 Mephitic Cloud           Conj/Pois/Air  5%         N/A       14%         3
 Volatile Blastmotes      Fire/Tloc      10%        2d10      14%         3
 Airstrike                Air            2%         2d(1-17)  41%         4
 Flame Wave               Conj/Fire      5%         2d5       41%         4
 Fulminant Prism          Conj/Hex       2%         3d5       41%         4
 Iskenderun's Mystic Bla  Conj/Tloc      5%         2d3       41%         4
 Sticky Flame             Conj/Fire      5%         2d3       41%         4
 Fireball                 Conj/Fire      2%         3d4       75%         5
 Iskenderun's Battlesphe  Conj           5%         2d6       75%         5
 Lee's Rapid Deconstruct  Erth           2%         3d5*      75%         5
 Conjure Ball Lightning   Conj/Air       2%         3x3d6     99%         6
 Orb of Destruction       Conj           2%         9d5       100%        7


Dungeon Overview and Level Annotations

Branches:
Dungeon (11/15)            Temple (0/1) D:7            Lair (0/5) D:9
    Orc: D:9-12

Altars:
Ashenzari
Cheibriados
Dithmenos
Elyvilon
Hepliaklqana
Kikubaaqudgha
Makhleb
Nemelex Xobeh
Okawaru
Qazlal
Ru
Sif Muna
Vehumet
Wu Jian
Yredelemnul

Shops:
D:1 (

Annotations:
D:3 2 transporters, 1 runed translucent door, Crazy Yiuf
D:6 2 runed translucent doors, themarg's ghost, novice MfSu


Innate Abilities, Weirdness & Mutations

((You are very nimble when in or above water. (Stealth+, EV+, Speed+++)))
Your lower body shifts to a powerful aquatic tail in water.


Message History

You freeze the wizard.
Flame seeps out of the wizard.
The wizard is almost dead.
Your quokka bites the wizard.
Kikubaaqudgha accepts your kill.
The wizard explodes!
The fiery explosion engulfs your quokka!!
You kill your quokka!
Your quokka's corpse disappears in a puff of smoke!
Your Fighting skill increases to level 8!
A black bear comes into view.
Your rat closely misses the rakshasa.
The rakshasa hits you with a +0 long sword!
Your rat barely misses the rakshasa.
Your bat hits the rakshasa but does no damage.
Your bat closely misses the rakshasa.
The rakshasa hits your bat with a +0 long sword!
Your bat dies!
Your bat's corpse disappears in a puff of smoke!
Your rat barely misses the rakshasa.
Casting: Summon Small Mammal (safe; 1% risk of failure)
Confirm with . or Enter, or press ? or * to list all spells.
Casting: Call Canine Familiar (safe; 1% risk of failure)
Confirm with . or Enter, or press ? or * to list all spells.
A tiny devil pulls itself out of the air.
The rakshasa gestures at you. The lance of force misses you.
The lance of force hits your wolf!!
Your wolf dies!
Your wolf's corpse disappears in a puff of smoke!
Your rat closely misses the rakshasa.
The rakshasa attacks as you move away!
The rakshasa hits you with a +0 long sword!
The black bear bites your rat.
Your rat dies!
Your rat's corpse disappears in a puff of smoke!
Your cerulean imp hits the rakshasa but does no damage.
A slime creature comes into view.
The rakshasa gestures at you. The lance of force hits you!!
You die...
Kikubaaqudgha rasps: "You have failed me!
Welcome... death!"

#.#.# . ..#.# ..
#.#.# # #. #.#.# #.p
##. #.##.#.# #R.###..
# ...#h#..###...#
##.##.#†)###...####.
#..☼)○J###..........
..##.#.§hR.@........#
##.##5#.<..###
.>.##...####
#.#######.# # #.# #.#
#.# #.# ..#


You could see a rakshasa (inner flame, ally target), a slime creature, a black
bear and a friendly cerulean imp (summoned).

Vanquished Creatures
  A two-headed ogre (D:10)
  A gargoyle (D:11)
  3 trolls
  A hornet (D:9)
  2 wyverns
  A steam dragon (D:8)
  2 orc warriors
  2 sky beasts (D:6)
  2 ice beasts
  An ogre (D:6)
  3 centaurs
  A kobold brigand (D:7)
  A bullfrog (D:7)
  A howler monkey (D:9)
  2 hounds
  An orc priest (D:6)
  A gnoll bouda (D:9)
  A sleepcap (D:8)
  2 iguanas
  3 adders
  A worm (D:2)
  3 dart slugs
  6 orcs
  A ball python (D:2)
  3 endoplasms
  A giant cockroach (D:1)
  3 goblins
  2 hobgoblins
  9 kobolds
  A quokka (D:3)
  2 bats
  A frilled lizard (D:2)
  A rat (D:3)
66 creatures vanquished.

Vanquished Creatures (collateral kills)
  A two-headed ogre (D:10)
  A wizard (D:11)
  A troll (D:10)
  A hornet (D:9)
  Prince Ribbit (D:8)
  Sigmund (D:2)
  2 shadows
  A wraith (D:10)
  3 orc warriors
  2 sky beasts
  A black bear (D:5)
  2 ice beasts
  A wolf (D:9)
  2 centaurs
  A phantom (D:5)
  3 kobold brigands
  3 bullfrogs (D:6)
  A gnoll sergeant (D:9)
  3 wights (D:6)
  An electric eel (D:9)
  2 howler monkeys
  3 hounds (D:9)
  3 orc priests
  A sleepcap (D:3)
  An iguana (D:4)
  Jessica (D:2)
  4 adders
  8 gnolls (D:9)
  3 white imps
  A worm (D:4)
  2 dart slugs
  8 orcs
  3 bats (D:2)
  An endoplasm (D:1)
  A giant cockroach (D:2)
  10 goblins
  2 hobgoblins (D:3)
  6 quokkas
  4 ball pythons
  4 frilled lizards
  17 kobolds
  3 rats
  A bush (D:10)
121 creatures vanquished.

Grand Total: 187 creatures vanquished

Notes
Turn   | Place    | Note
-------+----------+-------------------------------------------
     0 | D:1      | cheesebisquit the Merfolk Summoner began the quest for the
                  | Orb.
     0 | D:1      | Reached XP level 1. HP: 13/13 MP: 3/3
   102 | D:1      | Reached XP level 2. HP: 16/19 MP: 1/5
   259 | D:1      | Found Novaastre's Weapon Boutique.
   606 | D:1      | Reached XP level 3. HP: 23/24 MP: 3/6
   893 | D:1      | Reached skill level 5 in Summonings
  1115 | D:2      | Noticed Jessica
  1123 | D:2      | Killed Jessica
  1165 | D:2      | Reached XP level 4. HP: 30/30 MP: 4/7
  1376 | D:2      | Learned a level 2 spell: Call Imp
  1380 | D:2      | Learned a level 3 spell: Call Canine Familiar
  1511 | D:2      | Reached skill level 6 in Summonings
  1617 | D:2      | Noticed Sigmund
  1711 | D:2      | Killed Sigmund
  1712 | D:2      | Reached XP level 5. HP: 23/35 MP: 0/9
  1712 | D:2      | Reached XP level 6. HP: 28/41 MP: 0/10
  2450 | D:3      | Found a transporter.
  2461 | D:3      | Found a transporter.
  2597 | D:3      | Reached skill level 7 in Summonings
  2765 | D:3      | Learned a level 3 spell: Summon Guardian Golem
  2947 | D:3      | Found a faded altar of an unknown god.
  3166 | D:3      | Found a runed translucent door.
  3167 | D:3      | Noticed Crazy Yiuf
  3889 | D:5      | Entered Level 5 of the Dungeon
  4094 | D:5      | Noticed an ice beast
  4127 | D:5      | Killed an ice beast
  4128 | D:5      | Reached skill level 8 in Summonings
  4128 | D:5      | Reached XP level 7. HP: 34/46 MP: 11/11
  4661 | D:5      | Found a sacrificial altar of Ru.
  4662 | D:5      | Found an iron altar of Okawaru.
  4872 | D:6      | Reached XP level 8. HP: 52/52 MP: 14/14
  4891 | D:6      | Found a sparkling altar of Nemelex Xobeh.
  5149 | D:6      | Reached skill level 9 in Summonings
  5188 | D:6      | Reached skill level 5 in Spellcasting
  5231 | D:6      | Identified the +7 halberd of Departure {freeze, rC+ SInv}
  5239 | D:6      | Learned a level 4 spell: Summon Lightning Spire
  5242 | D:6      | Found a runed translucent door.
  5246 | D:6      | Noticed themarg's ghost (novice MfSu)
  5326 | D:6      | Reached skill level 1 in Fighting
  5445 | D:6      | Reached XP level 9. HP: 63/63 MP: 16/16
  5447 | D:6      | Found a runed translucent door.
  5458 | D:6      | Reached skill level 5 in Dodging
  5764 | D:7      | Found a staircase to the Ecumenical Temple.
  5800 | D:7      | Reached skill level 10 in Summonings
  6307 | D:8      | Noticed Prince Ribbit
  6318 | D:8      | Killed Prince Ribbit
  6330 | D:8      | Reached skill level 5 in Fighting
  6436 | D:8      | Found a stormy altar of Qazlal.
  6583 | D:8      | Reached skill level 1 in Polearms
  7136 | D:9      | Reached XP level 10. HP: 72/76 MP: 8/17
  7166 | D:9      | Found an ornate altar of the Wu Jian Council.
  7168 | D:9      | Found a white marble altar of Elyvilon.
  7266 | D:9      | Paralysed by a hornet for 2 turns
  7352 | D:9      | Reached skill level 11 in Summonings
  7644 | D:9      | Found a staircase to the Lair.
  7700 | D:9      | Found a radiant altar of Vehumet.
  7797 | D:9      | Found a basalt altar of Yredelemnul.
  7799 | D:9      | Found a shadowy altar of Dithmenos.
  7802 | D:9      | Found a broken altar of Ashenzari.
  7806 | D:9      | Found a hazy altar of Hepliaklqana.
  7807 | D:9      | Found a snail-covered altar of Cheibriados.
  7835 | D:9      | Found an ancient bone altar of Kikubaaqudgha.
  7836 | D:9      | Found a burning altar of Makhleb.
  7839 | D:9      | Found a shimmering blue altar of Sif Muna.
  7896 | D:9      | Reached skill level 5 in Polearms
  8027 | D:10     | Entered Level 10 of the Dungeon
  8073 | D:10     | Noticed a two-headed ogre
  8287 | D:10     | Killed a two-headed ogre
  8366 | D:9      | Became a worshipper of Kikubaaqudgha
  8501 | D:10     | Noticed a two-headed ogre
  8515 | D:10     | Killed a two-headed ogre
  8765 | D:10     | Reached XP level 11. HP: 66/84 MP: 18/18
  8973 | D:11     | Noticed a wizard
  8980 | D:11     | Noticed a rakshasa
  8984 | D:11     | Reached skill level 10 in Dodging
  8999 | D:11     | Killed a wizard
  9007 | D:11     | Killed from afar by a rakshasa

Illustrated notes

Levels and vault maps discovered:
D:1:      co_arrival_random_square_maze, layout_loops_cross, serial_shops, shop
D:2:      minmay_recursive_quarters, layout_basic, uniq_jessica, uniq_sigmund
D:3:      gammafunk_wand_slinger, layout_loops_cross, basic_ecumenical_altar,
          nicolae_eternal_life, grunt_ministairs_3, uniq_crazy_yiuf_cottage
D:4:      layout_basic
D:5:      layout_loops_ring, nicolae_overflow_two_pavilions
D:6:      layout_rooms, nemelex_spade_bored_becter, ebering_ghost_sewer_f
D:7:      layout_rooms, temple_doors_cd, nrook_loot_triangle
D:8:      layout_loops_cross, nicolae_qazlal_eye_of_the_storm,
          uniq_prince_ribbit1
D:9:      layout_basic, kennysheep_little_box,
          nicolae_overflow_hallway_of_the_gods, erik_lair_island,
          chequers_decorated_corner
D:10:     layout_small_grid, kb_lookout_dungeons_type
D:11:     minmay_the_grid_triangle_9x9_recursive_2_mashed
          [minmay_the_grid_triangle_9x9_prize_top_heavy,
          minmay_the_grid_triangle_9x9_flanged_cone,
          minmay_the_grid_triangle_9x9_limited_checkers,
          minmay_the_grid_triangle_9x9_longest], layout_loops_ring,
          gammafunk_ghost_cemetery, serial_shops, shop

Skill      XL: |  1  2  3  4  5  6  7  8  9 10 11 |
---------------+----------------------------------+-----
Summonings     | 5 6 8 9 10 11 | 11.8
Spellcasting   | 3 4 5 |  5.1
Dodging        | 4 7 9 10 | 10.1
Fighting       | 3 5 7 8 |  8.1
Polearms       | 2 6 7 |  7.2
Stealth        | |  2.1

Action                     |  1- 3 |  4- 6 |  7- 9 | 10-12 || total
---------------------------+-------+-------+-------+-------++-------
  Melee: Unarmed           |    24 |       |       |       ||    24
         Hand axe          |    20 |       |       |       ||    20
         Whip              |     9 |    49 |       |       ||    58
         Trident           |       |    10 |    39 |       ||    49
         Punch             |       |     1 |       |       ||     1
         Halberd           |       |       |    79 |    55 ||   134
   Cast: Summon Small Mamm |    35 |    63 |    76 |    40 ||   214
         Call Imp          |       |    16 |    25 |    13 ||    54
         Call Canine Famil |       |    15 |    31 |    15 ||    61
         Summon Guardian G |       |       |     3 |    12 ||    15
         Summon Lightning  |       |       |     3 |    11 ||    14
    Use: Potion            |       |     1 |     1 |     2 ||     4
         Scroll            |       |     6 |     1 |    14 ||    21
   Stab: Distracted        |     1 |       |     1 |     3 ||     5
         Sleeping          |       |     1 |     1 |       ||     2
 Armour: Robe              |    10 |    19 |    34 |    25 ||    88
  Dodge: Dodged            |    29 |    59 |   139 |    94 ||   321

Table legend: (Time is in decaauts)
 A = Elapsed time spent in this place.
 B = Non-inter-level travel time spent in this place.
 C = Inter-level travel time spent in this place.
 D = Time resting spent in this place.
 E = Time spent auto-exploring this place.
 F = Levels seen in this place.
 G = Mean time per level.
                   A        B        C        D        E       F      G
               +--------+--------+--------+--------+--------+-----+--------+
         Total |   9080 |   8551 |    529 |    148 |   6504 |  11 |  825.5 |
       Dungeon |   9080 |   8551 |    529 |    148 |   6504 |  11 |  825.5 |
               +--------+--------+--------+--------+--------+-----+--------+

Top non-repeatable levels by time:
     D:2: 1353 daAuts
     D:9: 1173 daAuts
     D:5: 1046 daAuts
     D:1: 1045 daAuts
     D:3: 971 daAuts
     D:8: 799 daAuts
    D:10: 700 daAuts
     D:6: 678 daAuts
     D:7: 634 daAuts
     D:4: 625 daAuts
    D:11: 50 daAuts
